| TOP OF THE 1ST |
|
Cincinnati Reds batting - Pitching for Arizona Diamondbacks : RHP Nate Machado
|
|
Pitching: RHP Nate Machado
|
|
|
Batting: LHB Ricky Ayon
|
0-0: Called Strike 0-1: Foul Ball, location: 2F 0-2: Ball 1-2: Ground out 1-3 (Groundball, 13S, EV 68.8 MPH)
|
|
Batting: RHB Willie Lazcano
|
0-0: Ball 1-0: Fly out, F8 (Flyball, 8LD, EV 99.4 MPH)
|
|
Batting: SHB Jun Tsuda
|
0-0: Ball 1-0: Foul Ball, location: 2F 1-1: Foul Ball, location: 2F 1-2: SOLO HOME RUN (Flyball, 78XD, EV 106.9 MPH), Distance : 416 ft
|
|
Batting: LHB Chris Grunwald
|
0-0: Called Strike 0-1: Ball 1-1: Ball 2-1: Foul Ball, location: 2F 2-2: Strikes out swinging
|
| Top of the 1st over - 1 run, 1 hit, 0 errors, 0 left on base; Cincinnati 1 - Arizona 0 |
| BOTTOM OF THE 1ST |
|
Arizona Diamondbacks batting - Pitching for Cincinnati Reds : RHP Matt Johnson
|
|
Pitching: RHP Matt Johnson
|
|
|
Batting: RHB Andy Swaim
|
0-0: Called Strike 0-1: Fly out, F9 (Line Drive, 9, EV 105.0 MPH)
|
|
Batting: LHB Roy Steigerwald
|
0-0: Called Strike 0-1: Swinging Strike 0-2: Ball 1-2: Ground out 5-3 (Groundball, 56, EV 93.1 MPH)
|
|
Batting: SHB Alec Thorpe
|
0-0: Foul Ball, location: 2F 0-1: Ball 1-1: SINGLE (Groundball, 5D, EV 106.2 MPH)
|
|
Batting: SHB Perry Tuckfard
|
0-0: Ball 1-0: Swinging Strike 1-1: Ball 2-1: Ground out 4-3 (Groundball, 4, EV 105.6 MPH)
|
| Bottom of the 1st over - 0 runs, 1 hit, 0 errors, 1 left on base; Cincinnati 1 - Arizona 0 |
| TOP OF THE 2ND |
|
Cincinnati Reds batting - Pitching for Arizona Diamondbacks : RHP Nate Machado
|
|
Batting: SHB Dave Barefoot
|
0-0: Called Strike 0-1: SOLO HOME RUN (Flyball, 8LXD, EV 111.2 MPH), Distance : 444 ft
|
|
Batting: RHB Mike Alm
|
0-0: Ground out 4-3 (Groundball, 34, EV 103.8 MPH)
|
|
Batting: RHB Steve Castleberry
|
0-0: Called Strike 0-1: Called Strike 0-2: Strikes out looking
|
|
Batting: RHB Joseph Kirchmann
|
0-0: Ball 1-0: Ball 2-0: Called Strike 2-1: Foul Ball, location: 2F 2-2: Ground out 3-1 (Groundball, 34, EV 86.2 MPH)
|
| Top of the 2nd over - 1 run, 1 hit, 0 errors, 0 left on base; Cincinnati 2 - Arizona 0 |
| BOTTOM OF THE 2ND |
|
Arizona Diamondbacks batting - Pitching for Cincinnati Reds : RHP Matt Johnson
|
|
Batting: LHB Joel Kunkler
|
0-0: Ball 1-0: Ball 2-0: Ground out 1-3 (Groundball, 15S, EV 73.8 MPH)
|
|
Batting: RHB Jim Zucco
|
0-0: Foul Ball, location: 2F 0-1: Called Strike 0-2: Strikes out swinging
|
|
Batting: SHB Salvador Aragon
|
0-0: Ball 1-0: Ground out 4-3 (Groundball, 4S, EV 68.8 MPH)
|
| Bottom of the 2nd over - 0 runs, 0 hits, 0 errors, 0 left on base; Cincinnati 2 - Arizona 0 |
| TOP OF THE 3RD |
|
Cincinnati Reds batting - Pitching for Arizona Diamondbacks : RHP Nate Machado
|
|
Batting: RHB Omar Quintana
|
0-0: Ball 1-0: Ball 2-0: Called Strike 2-1: Foul Ball, location: 2F 2-2: Fly out, F7 (Line Drive, 7LM, EV 96.2 MPH)
|
|
Batting: LHB Ricky Ayon
|
0-0: Called Strike 0-1: Foul Ball, location: 2F 0-2: Ball 1-2: Strikes out swinging wild pitch, reaches first!
|
|
Batting: RHB Willie Lazcano
|
0-0: Fly out, F9 (Flyball, 9, EV 90.0 MPH)
|
|
Batting: SHB Jun Tsuda
|
0-0: Called Strike 0-1: Fly out, F9 (Flyball, 89S, EV 74.4 MPH)
|
| Top of the 3rd over - 0 runs, 0 hits, 0 errors, 1 left on base; Cincinnati 2 - Arizona 0 |
| BOTTOM OF THE 3RD |
|
Arizona Diamondbacks batting - Pitching for Cincinnati Reds : RHP Matt Johnson
|
|
Batting: RHB Bob Najar
|
0-0: Ground out 4-3 (Groundball, 4, EV 102.5 MPH)
|
|
Batting: SHB Warren Eisner
|
0-0: SINGLE (Line Drive, 89S, EV 108.1 MPH)
|
|
Batting: RHB Andy Swaim
|
0-0: Ball 1-0: Ball 2-0: SINGLE (Line Drive, 6MD, EV 100.0 MPH) Warren Eisner to second
|
|
Batting: LHB Roy Steigerwald
|
0-0: Ball 1-0: Called Strike 1-1: Fielders Choice at 2nd, 3-6 (Groundball, 34, EV 103.1 MPH) Warren Eisner to third
|
|
Batting: SHB Alec Thorpe
|
0-0: Ball 1-0: Ball 2-0: Ball 3-0: Fly out, F7 (Flyball, 7D, EV 96.2 MPH)
|
| Bottom of the 3rd over - 0 runs, 2 hits, 0 errors, 2 left on base; Cincinnati 2 - Arizona 0 |
| TOP OF THE 4TH |
|
Cincinnati Reds batting - Pitching for Arizona Diamondbacks : RHP Nate Machado
|
|
Batting: LHB Chris Grunwald
|
0-0: Foul Ball, location: 2F 0-1: Ball 1-1: Swinging Strike 1-2: Ball 2-2: Foul Ball, location: 2F 2-2: Ball 3-2: DOUBLE (Line Drive, 3D, EV 95.0 MPH)
|
|
Batting: SHB Dave Barefoot
|
0-0: Called Strike 0-1: Ball 1-1: Ball 2-1: SINGLE (Groundball, 4D, EV 103.8 MPH) Chris Grunwald to third Runner from 3rd tries for Home, SAFE, throw by CF to home
|
|
Batting: RHB Mike Alm
|
0-0: Ball 1-0: Grounds into double play, 4-6-3 (Groundball, 34, EV 80.6 MPH)
|
|
Batting: RHB Steve Castleberry
|
0-0: Ball 1-0: Called Strike 1-1: Ball 2-1: Ball 3-1: Base on Balls
|
|
Batting: RHB Joseph Kirchmann
|
0-0: Ball 1-0: Called Strike 1-1: Swinging Strike 1-2: Fly out, F8 (Flyball, 8LM, EV 86.2 MPH)
|
| Top of the 4th over - 1 run, 2 hits, 0 errors, 1 left on base; Cincinnati 3 - Arizona 0 |
| BOTTOM OF THE 4TH |
|
Arizona Diamondbacks batting - Pitching for Cincinnati Reds : RHP Matt Johnson
|
|
Batting: SHB Perry Tuckfard
|
0-0: Ball 1-0: Called Strike 1-1: Fly out, F9 (Flyball, 9LS, EV 86.9 MPH)
|
|
Batting: LHB Joel Kunkler
|
0-0: Ball 1-0: Foul Ball, location: 2F 1-1: Ball 2-1: Ball 3-1: Base on Balls
|
|
Batting: RHB Jim Zucco
|
0-0: Ball 1-0: Swinging Strike 1-1: Ball 2-1: Ball 3-1: Swinging Strike 3-2: Foul Ball, location: 2F 3-2: Foul Ball, location: 2F 3-2: Grounds into double play, 4-6-3 (Groundball, 4, EV 103.8 MPH)
|
| Bottom of the 4th over - 0 runs, 0 hits, 0 errors, 0 left on base; Cincinnati 3 - Arizona 0 |
| TOP OF THE 5TH |
|
Cincinnati Reds batting - Pitching for Arizona Diamondbacks : RHP Nate Machado
|
|
Batting: RHB Omar Quintana
|
0-0: Ball 1-0: Ball 2-0: Swinging Strike 2-1: Called Strike 2-2: Foul Ball, location: 2F 2-2: Ground out 1-3 (Groundball, 34S, EV 70.6 MPH)
|
|
Batting: LHB Ricky Ayon
|
0-0: Called Strike 0-1: Foul Ball, location: 2F 0-2: Ball 1-2: Reached on error, E4 (Groundball, 4, EV 85.0 MPH)
|
|
Batting: RHB Willie Lazcano
|
0-0: Grounds into double play, 4-6-3 (Groundball, 4, EV 88.8 MPH)
|
| Top of the 5th over - 0 runs, 0 hits, 1 error, 0 left on base; Cincinnati 3 - Arizona 0 |
| BOTTOM OF THE 5TH |
|
Arizona Diamondbacks batting - Pitching for Cincinnati Reds : RHP Matt Johnson
|
|
Batting: SHB Salvador Aragon
|
0-0: Ball 1-0: Swinging Strike 1-1: Foul Ball, location: 2F 1-2: SOLO HOME RUN (Flyball, 9D, EV 98.8 MPH), Distance : 383 ft
|
|
Batting: RHB Bob Najar
|
0-0: Ball 1-0: Called Strike 1-1: Ball 2-1: Fly out, F9 (Flyball, 9, EV 91.9 MPH)
|
|
Batting: SHB Warren Eisner
|
0-0: Called Strike 0-1: Foul Ball, location: 2F 0-2: Foul Ball, location: 2F 0-2: Fly out, F8 (Line Drive, 8RD, EV 97.5 MPH)
|
|
Batting: RHB Andy Swaim
|
0-0: Ball 1-0: DOUBLE (Flyball, 8LXD, EV 101.2 MPH)
|
|
Batting: LHB Roy Steigerwald
|
0-0: Ground out 3-1 (Groundball, 13, EV 86.2 MPH)
|
| Bottom of the 5th over - 1 run, 2 hits, 0 errors, 1 left on base; Cincinnati 3 - Arizona 1 |
| TOP OF THE 6TH |
|
Cincinnati Reds batting - Pitching for Arizona Diamondbacks : RHP Nate Machado
|
|
Batting: SHB Jun Tsuda
|
0-0: Called Strike 0-1: Fly out, F8 (Flyball, 89M, EV 72.5 MPH)
|
|
Batting: LHB Chris Grunwald
|
0-0: Ball 1-0: Ground out 3-1 (Groundball, 34D, EV 101.2 MPH)
|
|
Batting: SHB Dave Barefoot
|
0-0: Foul Ball, location: 2F 0-1: Ball 1-1: Swinging Strike 1-2: Ball 2-2: Ball 3-2: SINGLE (Groundball, 25, EV 63.1 MPH) (infield hit)
|
|
Batting: RHB Mike Alm
|
0-0: Foul Ball, location: 2F 0-1: Ball 1-1: Swinging Strike 1-2: Strikes out swinging
|
| Top of the 6th over - 0 runs, 1 hit, 0 errors, 1 left on base; Cincinnati 3 - Arizona 1 |
| BOTTOM OF THE 6TH |
|
Arizona Diamondbacks batting - Pitching for Cincinnati Reds : RHP Matt Johnson
|
|
Batting: SHB Alec Thorpe
|
0-0: Foul Ball, location: 2F 0-1: Ball 1-1: Ball 2-1: SINGLE (Groundball, 34D, EV 95.6 MPH)
|
|
Batting: SHB Perry Tuckfard
|
0-0: Called Strike 0-1: Ball 1-1: Foul Ball, location: 2F 1-2: Grounds into double play, 4-6-3 (Groundball, 34D, EV 84.4 MPH)
|
|
Batting: LHB Joel Kunkler
|
0-0: Ball 1-0: Ball 2-0: Hit by Pitch
|
|
Batting: RHB Jim Zucco
|
0-0: Ball 1-0: Ball 2-0: Foul Ball, location: 2F 2-1: Ball 3-1: Called Strike 3-2: 2-RUN HOME RUN (Flyball, 9LD, EV 96.2 MPH), Distance : 354 ft
|
|
Batting: SHB Salvador Aragon
|
0-0: Called Strike 0-1: Called Strike 0-2: Foul Ball, location: 2F 0-2: Ball 1-2: Ground out U3 (Groundball, 34S, EV 85.0 MPH)
|
| Bottom of the 6th over - 2 runs, 2 hits, 0 errors, 0 left on base; Cincinnati 3 - Arizona 3 |
| TOP OF THE 7TH |
|
Cincinnati Reds batting - Pitching for Arizona Diamondbacks : RHP Nate Machado
|
|
Batting: RHB Steve Castleberry
|
0-0: Foul Ball, location: 2F 0-1: Ball 1-1: Foul Ball, location: 2F 1-2: Strikes out looking
|
|
Batting: RHB Joseph Kirchmann
|
0-0: Called Strike 0-1: Ball 1-1: Ball 2-1: Ball 3-1: Base on Balls
|
|
Batting: RHB Omar Quintana
|
0-0: Called Strike 0-1: Foul Ball, location: 2F 0-2: Strikes out swinging
|
|
Batting: LHB Ricky Ayon
|
0-0: Foul Ball, location: 2F 0-1: Ball 1-1: Ball 2-1: Called Strike 2-2: Ball 3-2: SINGLE (Flyball, 56D, EV 91.9 MPH) Joseph Kirchmann to second Joseph Kirchmann to third
|
|
Batting: RHB Willie Lazcano
|
0-0: Ball 1-0: Ground out U3 (Groundball, 3L, EV 109.4 MPH)
|
| Top of the 7th over - 0 runs, 1 hit, 0 errors, 2 left on base; Cincinnati 3 - Arizona 3 |
| BOTTOM OF THE 7TH |
|
Arizona Diamondbacks batting - Pitching for Cincinnati Reds : RHP Matt Johnson
|
|
Batting: RHB Bob Najar
|
0-0: Swinging Strike 0-1: Ball 1-1: Ground out 6-3 (Groundball, 6D, EV 96.9 MPH)
|
|
Batting: SHB Warren Eisner
|
0-0: Called Strike 0-1: Called Strike 0-2: Ball 1-2: SINGLE (Line Drive, 8LS, EV 100.0 MPH)
|
|
Batting: RHB Andy Swaim
|
0-0: Ball 1-0: Called Strike 1-1: Called Strike 1-2: Strikes out looking
|
|
Batting: LHB Roy Steigerwald
|
0-0: DOUBLE (Flyball, 8RXD, EV 115.6 MPH) Warren Eisner to third Runner from 3rd tries for Home, SAFE, throw by CF to home
|
|
Batting: SHB Alec Thorpe
|
0-0: Intentional Walk
|
|
Batting: SHB Perry Tuckfard
|
0-0: Called Strike 0-1: Ball 1-1: Ball 2-1: Ball 3-1: Called Strike 3-2: Base on Balls Roy Steigerwald to third Alec Thorpe to second
|
|
Pitching: LHP Antonio Diaz
|
|
|
Batting: LHB Joel Kunkler
|
0-0: Called Strike 0-1: Ground out 4-3 (Groundball, 4, EV 82.5 MPH)
|
| Bottom of the 7th over - 1 run, 2 hits, 0 errors, 3 left on base; Cincinnati 3 - Arizona 4 |
| TOP OF THE 8TH |
|
Cincinnati Reds batting - Pitching for Arizona Diamondbacks : RHP Nate Machado
|
|
Pitching: LHP Mario Valdivia
|
|
|
Batting: SHB Jun Tsuda
|
0-0: Called Strike 0-1: Ball 1-1: Swinging Strike 1-2: Ball 2-2: Ball 3-2: Ground out 6-3 (Groundball, 56S, EV 91.9 MPH)
|
|
Batting: LHB Chris Grunwald
|
0-0: Called Strike 0-1: Ball 1-1: Foul Ball, location: 2F 1-2: Ball 2-2: Ground out 6-3 (Groundball, 6, EV 91.9 MPH)
|
|
Batting: SHB Dave Barefoot
|
0-0: Called Strike 0-1: Ball 1-1: DOUBLE (Popup, 4MD, EV 71.2 MPH)
|
|
Batting: RHB Mike Alm
|
0-0: Called Strike 0-1: Ball 1-1: Ball 2-1: Called Strike 2-2: Ball 3-2: Foul Ball, location: 2F 3-2: Foul Ball, location: 2F 3-2: Strikes out swinging
|
| Top of the 8th over - 0 runs, 1 hit, 0 errors, 1 left on base; Cincinnati 3 - Arizona 4 |
| BOTTOM OF THE 8TH |
|
Arizona Diamondbacks batting - Pitching for Cincinnati Reds : LHP Antonio Diaz
|
|
Batting: RHB Jim Zucco
|
0-0: Called Strike 0-1: Ball 1-1: SOLO HOME RUN (Flyball, 9D, EV 98.1 MPH), Distance : 372 ft
|
|
Batting: SHB Salvador Aragon
|
0-0: Fly out, F8 (Flyball, 8RD, EV 97.5 MPH)
|
|
Batting: RHB Bob Najar
|
0-0: Ball 1-0: Swinging Strike 1-1: Ball 2-1: Foul Ball, location: 2F 2-2: Strikes out swinging
|
|
Batting: SHB Warren Eisner
|
0-0: Ball 1-0: Foul Ball, location: 2F 1-1: Called Strike 1-2: Fly out, F7 (Flyball, 7, EV 95.6 MPH)
|
| Bottom of the 8th over - 1 run, 1 hit, 0 errors, 0 left on base; Cincinnati 3 - Arizona 5 |
| TOP OF THE 9TH |
|
Cincinnati Reds batting - Pitching for Arizona Diamondbacks : LHP Mario Valdivia
|
|
Pitching: RHP Adam Silbert
|
|
|
Now in CF: Mike Mentzer
|
|
|
Batting: RHB Steve Castleberry
|
0-0: Ball 1-0: Ball 2-0: Foul Ball, location: 2F 2-1: Ball 3-1: Base on Balls
|
|
Batting: RHB Joseph Kirchmann
|
0-0: Swinging Strike 0-1: Swinging Strike 0-2: Strikes out swinging
|
|
Batting: RHB Omar Quintana
|
0-0: Foul Ball, location: 2F 0-1: Swinging Strike 0-2: Strikes out swinging
|
|
Batting: LHB Ricky Ayon
|
0-0: DOUBLE (Flyball, 89XD, EV 115.0 MPH) Steve Castleberry to third
|
|
Batting: RHB Willie Lazcano
|
0-0: Ground out 5-3 (Groundball, 56, EV 79.4 MPH)
|
| Top of the 9th over - 0 runs, 1 hit, 0 errors, 2 left on base; Cincinnati 3 - Arizona 5 |
|